 Dungeon Crawl Stone Soup version 0.26-a0-837-g5a8a614f01 (webtiles) character file.

Game seed: 12490425338152388589

12412 KennyOmg the Severer (level 11, 0/159 HPs)
             Began as a Minotaur Berserker on Nov 18, 2020.
             Was a High Priest of Trog.
             Slain by a two-headed ogre
             ... wielding a +0 giant spiked club
              (8 damage)
             ... on level 11 of the Dungeon.
             The game lasted 00:17:18 (11780 turns).

KennyOmg the Severer (Minotaur Berserker)          Turns: 11780, Time: 00:17:19

Health: 0/159      AC: 15    Str: 22    XL:     11   Next: 62%
Magic:  10/10      EV:  7    Int:  6    God:    Trog [*****.]
Gold:   699        SH:  9    Dex: 11    Spells: 10/10 levels left

rFire    . . .     SeeInvis .   K - +2 broad axe of Trog's Regard {vorpal, rC+}
rCold    + . .     Faith    .   A - +0 buckler
rNeg     . . .     Spirit   .   C - +1 plate armour
rPois    +         Reflect  +   (helmet restricted)
rElec    .         Harm     .   f - +0 cloak
rCorr    .         Rampage  .   q - +0 pair of gloves
MR       +....                  p - +0 pair of boots
Stlth    ..........             J - amulet of reflection
HPRegen  0.36/turn              k - ring of poison resistance
MPRegen  0.12/turn              l - ring of protection from magic

@: berserking, lethally poisoned (0 -> -2), very quick
A: retaliatory headbutt, horns 2
a: Berserk, Trog's Hand, Brothers in Arms, Renounce Religion


You were on level 11 of the Dungeon.
You worshipped Trog.
Trog was extremely pleased with you.
You visited 1 branch of the dungeon, and saw 11 of its levels.

You collected 699 gold pieces.

Inventory:

Hand Weapons
 a - a +2 vorpal hand axe
   (You found it on level 3 of the Dungeon)
 y - a +3 vampiric hand axe {!w}
   (You took it off an orc on level 4 of the Dungeon)
 K - the +2 broad axe of Trog's Regard (weapon) {vorpal, rC+}
   (Trog gifted it to you on level 7 of the Dungeon)

   It inflicts extra damage upon your enemies.
   It protects you from cold.
Missiles
 j - 63 poisoned darts (quivered)
 w - 3 throwing nets {!f}
Armour
 f - a +0 cloak (worn)
   (You took it off Crazy Yiuf on level 3 of the Dungeon)
 p - a +0 pair of boots (worn)
   (You found it on level 3 of the Dungeon)
 q - a +0 pair of gloves (worn)
   (You found it on level 3 of the Dungeon)
 A - a +0 buckler (worn)
   (You found it on level 4 of the Dungeon)
 C - a +1 plate armour (worn)
   (You found it on level 4 of the Dungeon)
Jewellery
 i - an uncursed ring of protection from fire
   (You found it on level 4 of the Dungeon)
 k - a ring of poison resistance (left hand)
   (You found it on level 2 of the Dungeon)
 l - a ring of protection from magic (right hand)
   (You took it off an orc on level 6 of the Dungeon)
 J - an amulet of reflection (around neck)
   (You found it on level 7 of the Dungeon)
Wands
 t - a wand of flame (26)
   (You found it on level 5 of the Dungeon)
 v - a wand of digging (6)
   (You found it on level 3 of the Dungeon)
 x - a wand of acid (4)
   (You found it on level 8 of the Dungeon)
Scrolls
 g - 2 scrolls of amnesia
 h - a scroll of noise {!r}
 n - 9 scrolls of teleportation {@r4}
 r - 6 scrolls of remove curse {@r2}
 s - a scroll of fear
 u - 6 scrolls of magic mapping
 G - a scroll of identify {@r1}
 M - a scroll of enchant armour
 N - a scroll of brand weapon
Potions
 c - 3 potions of invisibility
 d - 2 potions of cancellation
 e - 7 potions of degeneration {!q}
 m - a potion of might
 o - 3 potions of resistance
 z - a potion of flight
 B - 7 potions of curing {@q1}
 D - 2 potions of mutation {!q}
 E - 2 potions of heal wounds {@q2}
 F - 2 potions of lignification {!q}
 P - 2 potions of ambrosia


   Skills:
 + Level 12.8 Fighting
 * Level 16.9 Axes
 - Level 0.6(11.4) Maces & Flails
 - Level 2.4 Armour
 - Level 2.1 Dodging
 - Level 4.0 Shields


You had 10 spell levels left.
You didn't know any spells.
Your spell library was empty.

Dungeon Overview and Level Annotations

Branches:
Dungeon (11/15)            Temple (0/1) D:6            Lair (0/6) D:10
    Orc (0/2) D:9

Altars:
Gozag
Kikubaaqudgha
Qazlal
Wu Jian
Xom
Yredelemnul
The Shining One
Beogh

Shops:
D:5 }   D:10 *?!((

Portals:
Abyss: D:9

Annotations:
D:8 2 transporters
D:9 2 transporters, anet's ghost, novice GnHu


Innate Abilities, Weirdness & Mutations

You reflexively headbutt those who attack you in melee.
You have a pair of horns on your head.


Message History

The killer bee stings you but does no damage.
You miss the killer bee. You slash the killer bee!
You slash the two-headed ogre! You closely miss the killer bee.
You miss the killer bee. You block the killer bee's attack. x3
The killer bee stings you but does no damage.
The two-headed ogre hits you with a +0 giant spiked club!
* * * LOW HITPOINT WARNING * * *
The two-headed ogre hits you with a +0 giant spiked club.
* * * LOW HITPOINT WARNING * * *
A yak comes into view.
The killer bee stings you but does no damage. x2
The killer bee barely misses you.
A red film seems to cover your vision as you go berserk!
You feel yourself moving faster!
You feel mighty!
The yak bellows!
You hear a bellow!
The killer bee stings you.
* * * LOW HITPOINT WARNING * * *
The killer bee barely misses you. You furiously retaliate!
You headbutt the killer bee!
The killer bee stings you but does no damage.
The killer bee stings you.
* * * LOW HITPOINT WARNING * * *
You are poisoned.
The killer bee poisons you! You block the killer bee's attack.
The killer bee stings you but does no damage.
The two-headed ogre hits you with a +0 giant spiked club!
* * * LOW HITPOINT WARNING * * *
The two-headed ogre hits you with a +0 giant spiked club!
* * * LOW HITPOINT WARNING * * *
A killer bee comes into view.
The killer bee stings you.
* * * LOW HITPOINT WARNING * * *
A yak comes into view.
You block the killer bee's attack.
The killer bee buzzes angrily.
You slice the two-headed ogre!! You barely miss the killer bee.
You miss the killer bee. x2; You slash the killer bee!
You kill the killer bee!
Trog accepts your kill.
You feel sick.
The killer bee stings you but does no damage.
You block the killer bee's attack. The killer bee barely misses you.
You furiously retaliate!
You headbutt the killer bee!
You hit the two-headed ogre but do no damage.
You miss the killer bee. You slash the killer bee! You miss the killer bee.
The killer bee stings you but does no damage. x3
The two-headed ogre hits you with a +0 giant spiked club!
* * * LOW HITPOINT WARNING * * *
The two-headed ogre hits you with a +0 giant spiked club!
You die...

,,,*,*,*****,*,*,* #.###.#
****,*+*,,,*,#.#.# #..##.#
**,*,,,,,,<,,#.#.# ##.##.#
,,,*,,,,,.####.#.# #..#.#
,*,*,,^,,......#.# #######.#.#
,*,*,,,,,..y..?..# #...# #.#.#
,*,,,,,,,...J....# #...# #.#.#
,***,,,,,.Y....yy###...###...#
,,,*,,,,,..Y...O@y...........####
,,,,,,,,,......Y†##########.>.)).
,,,,,,,,,.####.### #.#####
,,,,,,,,,,,,...,,* #.#
,,,,,*,,,,....,,,* #.#
,,,,,*,,,.....,,,* #.#
,,,,,*,,,....,,,,* #.#
******,,,....,,,,*** #.#
*,,,,,,,*,,,,,*******#.*


You could see a two-headed ogre, 3 yaks, a jelly and 4 killer bees.

Vanquished Creatures
  A hydra (D:11)
  A two-headed ogre (D:10)
  A troll (D:10)
  2 polar bears (D:9)
  A hornet (D:9)
  A wraith (D:10)
  13 yaks
  A wyvern (D:9)
  Grum (D:5)
  2 water moccasins
  4 sky beasts
  4 orc warriors
  A phantom (D:8)
  7 ice beasts
  7 centaurs
  4 wolves
  4 ogres
  2 big kobolds (D:9)
  3 bullfrogs
  4 gnoll sergeants (D:5)
  A scorpion (D:5)
  A water moccasin skeleton (D:9)
  4 killer bees (D:11)
  15 wights
  2 electric eels (D:10)
  2 howler monkeys (D:5)
  18 hounds
  2 quasits
  A bullfrog zombie (D:9)
  5 jellies
  Crazy Yiuf (D:3)
  2 centaur skeletons
  3 orc priests
  2 gnoll shamans (D:5)
  4 iguanas
  12 orc wizards
  A bullfrog skeleton (D:11)
  Terence (D:3)
  6 worker ants
  A bullfrog simulacrum (D:9)
  A hound zombie (D:6)
  2 hound skeletons (D:7)
  A howler monkey zombie (D:9)
  29 gnolls
  9 adders
  3 shadow imps
  7 white imps
  2 worker ant simulacra (D:9)
  4 ufetubi
  2 oozes
  An adder skeleton (D:7)
  An adder zombie (D:7)
  2 worms
  3 dart slugs (D:1)
  10 leopard geckos
  50 orcs
  6 giant cockroaches
  4 goblins
  10 hobgoblins
  13 jackals
  5 quokkas
  2 ball pythons (D:2)
  8 bats
  8 frilled lizards
  15 kobolds
  2 quokka skeletons
  5 rats
353 creatures vanquished.

Vanquished Creatures (collateral kills)
  Harold (D:8)
  A two-headed ogre (D:8)
  An orc warrior (D:9)
  A wight (D:8)
  2 orc priests (D:9)
  A bullfrog simulacrum (D:9)
  A white imp (D:9)
  An ufetubus (D:9)
  13 orcs (D:9)
22 creatures vanquished.

Vanquished Creatures (others)
  A jackal (D:5)
  A kobold (D:9)
2 creatures vanquished.

Grand Total: 377 creatures vanquished

Notes
Turn   | Place    | Note
-------+----------+-------------------------------------------
     0 | D:1      | KennyOmg the Minotaur Berserker began the quest for the
                  | Orb.
     0 | D:1      | Reached XP level 1. HP: 19/19 MP: 0/0
    29 | D:1      | Reached skill level 4 in Axes
    33 | D:1      | Reached XP level 2. HP: 20/27 MP: 1/1
   671 | D:1      | Reached ** piety under Trog
   750 | D:1      | Reached XP level 3. HP: 33/33 MP: 2/2
  1039 | D:2      | Found an ancient bone altar of Kikubaaqudgha.
  1259 | D:2      | Reached skill level 5 in Axes
  1478 | D:2      | Reached XP level 4. HP: 41/41 MP: 3/3
  1696 | D:2      | Found an ornate altar of the Wu Jian Council.
  1696 | D:2      | Found a shimmering altar of Xom.
  1997 | D:3      | Noticed Terence
  2001 | D:3      | Killed Terence
  2010 | D:3      | Reached skill level 6 in Axes
  2095 | D:3      | Reached XP level 5. HP: 47/47 MP: 1/4
  2262 | D:3      | Reached *** piety under Trog
  2619 | D:3      | Found a runed translucent door.
  2620 | D:3      | Noticed Crazy Yiuf
  2628 | D:3      | Killed Crazy Yiuf
  2629 | D:3      | Reached skill level 5 in Fighting
  2746 | D:4      | You fall into a shaft and drop 1 floor!
  2746 | D:5      | Entered Level 5 of the Dungeon
  2754 | D:5      | Noticed a centaur
  2760 | D:5      | Killed a centaur
  2761 | D:5      | Reached skill level 7 in Axes
  2761 | D:5      | Reached XP level 6. HP: 38/57 MP: 5/5
  2844 | D:5      | HP: 2/57 [centaur (6)]
  2850 | D:5      | Reached skill level 8 in Axes
  2851 | D:5      | Reached XP level 7. HP: 16/64 MP: 6/6
  3268 | D:5      | Reached skill level 9 in Axes
  3692 | D:5      | HP: 3/64 [hound (3)]
  3699 | D:5      | Reached **** piety under Trog
  3714 | D:5      | HP: 1/66 [centaur/arrow (6)]
  3733 | D:5      | Reached XP level 8. HP: 6/73 MP: 7/7
  4111 | D:5      | Found a glowing golden altar of the Shining One.
  4135 | D:5      | Reached skill level 10 in Axes
  4645 | D:4      | Reached skill level 1 in Shields
  5308 | D:5      | Noticed Grum
  5320 | D:5      | Reached skill level 11 in Axes
  5320 | D:5      | Killed Grum
  5525 | D:5      | Found Potsixach's Gadget Emporium.
  5699 | D:6      | Reached XP level 9. HP: 73/82 MP: 8/8
  5949 | D:6      | Found a staircase to the Ecumenical Temple.
  5955 | D:6      | Reached ***** piety under Trog
  6328 | D:6      | Reached skill level 12 in Axes
  6658 | D:6      | Found a stormy altar of Qazlal.
  6658 | D:6      | Found a basalt altar of Yredelemnul.
  6943 | D:7      | Received a gift from Trog
  6968 | D:7      | Got a sapphire broad axe {god gift}
  6969 | D:7      | Identified the +2 broad axe of Trog's Regard {vorpal, rC+}
                  | (Trog gifted it to you on level 7 of the Dungeon)
  7219 | D:8      | Found a transporter.
  7219 | D:8      | Noticed a two-headed ogre
  7220 | D:8      | Noticed Harold
  7226 | D:8      | Killed a two-headed ogre
  7227 | D:8      | Reached skill level 10 in Fighting
  7227 | D:8      | Reached skill level 13 in Axes
  7230 | D:8      | Killed Harold
  7231 | D:8      | Reached XP level 10. HP: 38/93 MP: 9/9
  7531 | D:8      | Found a transporter.
  7735 | D:8      | Noticed an orc high priest
  7972 | D:9      | Found a roughly hewn altar of Beogh.
  7972 | D:9      | Found a staircase to the Orcish Mines.
  7992 | D:9      | Reached skill level 14 in Axes
  8814 | D:9      | Found an opulent altar of Gozag.
  9017 | D:9      | Found a one-way gate to the infinite horrors of the Abyss.
  9017 | D:9      | Noticed anet's ghost (novice GnHu)
  9026 | D:9      | Noticed a toenail golem
  9040 | D:9      | Found a transporter.
  9046 | D:9      | Found a transporter.
  9046 | D:9      | Noticed a smoke demon
  9085 | D:9      | Reached skill level 15 in Axes
  9834 | D:10     | Entered Level 10 of the Dungeon
  9932 | D:10     | Reached XP level 11. HP: 104/104 MP: 10/10
 10338 | D:10     | Found a staircase to the Lair.
 10491 | D:10     | Noticed a two-headed ogre
 10498 | D:10     | Killed a two-headed ogre
 10499 | D:10     | Reached skill level 16 in Axes
 10637 | D:10     | Found Domuunoph's Weapon Shoppe.
 10637 | D:10     | Found Biolu's Distillery.
 10794 | D:10     | Found Larrior's Weapon Shop.
 10905 | D:10     | Found Romemil's Assorted Antiques.
 10942 | D:10     | Found Idon's Magic Scroll Shoppe.
 11116 | D:11     | Noticed a four-headed hydra
 11133 | D:11     | Killed a seven-headed hydra
 11766 | D:11     | Received a gift from Trog
 11768 | D:11     | Noticed a two-headed ogre
 11780 | D:11     | Slain by a two-headed ogre

Illustrated notes

Levels and vault maps discovered:
D:1:      mainiacjoe_arrival_reflecting_pool, layout_loops_ring
D:2:      layout_basic, nicolae_overflow_hidden_temple
D:3:      layout_loops_ring, uniq_crazy_yiuf_cottage, uniq_terence
D:4:      layout_basic
D:5:      layout_cave_pools, tso_oasis_becter, serial_gnoll_camp,
          gnoll_camp_mini_house, gnoll_camp_medium_01, gnoll_camp_huts_basic,
          grums_kennel, gnoll_camp_mini_shop
D:6:      layout_loops_ring, gammafunk_temple_overflow_elements,
          minmay_temple_entry_steel_oval
D:7:      cheibrodos_helix_gallery, layout_rooms
D:8:      gammafunk_wand_slinger, layout_cave_pools, uniq_harold
D:9:      layout_long_grid, grunt_gozag_breadcrumbs, david_orc_5, serial_ice,
          serial_ice_j, serial_ice_b, serial_ice_o, serial_ice_a, serial_ice_h,
          gammafunk_ghost_abyssal_escape, blue_anna_alchemist
          [blue_anna_fruit_fields, blue_anna_fruit_fields]
D:10:     layout_long_grid, erik_lair_island, serial_shops, shop, shop,
          nicolae_shop_waterfront, shop, shop
D:11:     layout_basic

Skill      XL: |  1  2  3  4  5  6  7  8  9 10 11 |
---------------+----------------------------------+-----
Axes           | 4 5 6 7 8 9 11 13 15 16 | 16.9
Fighting       | 4 5 6 7 8 10 11 12 | 12.8
Shields        | 3 4 |  4.0
Maces & Flails | |  0.6
Armour         | |  2.4
Dodging        | |  2.1

Action                   |  1- 3 |  4- 6 |  7- 9 | 10-12 || total
-------------------------+-------+-------+-------+-------++-------
Melee: Hand axe          |   110 |    97 |   338 |       ||   545
       Headbutt          |    19 |    20 |    54 |    52 ||   145
       Flail             |       |    11 |       |       ||    11
       Broad axe         |       |       |    10 |   332 ||   342
Invok: Berserk           |     1 |     2 |     2 |     3 ||     8
       Brothers in Arms  |       |       |     1 |     2 ||     3
Evoke: Wand              |       |       |       |     4 ||     4
  Use: Potion            |       |     2 |     3 |       ||     5
       Scroll            |       |       |       |    20 ||    20
Armor: Animal skin       |     4 |       |       |       ||     4
       Chain mail        |    43 |    58 |    80 |       ||   181
       Plate armour      |       |       |   114 |   190 ||   304
Dodge: Dodged            |    47 |    48 |   108 |    75 ||   278
Block: Buckler           |       |       |    35 |   166 ||   201
       Reflection        |       |       |       |     8 ||     8

Table legend: (Time is in decaauts)
 A = Elapsed time spent in this place.
 B = Non-inter-level travel time spent in this place.
 C = Inter-level travel time spent in this place.
 D = Time resting spent in this place.
 E = Time spent auto-exploring this place.
 F = Levels seen in this place.
 G = Mean time per level.
                   A        B        C        D        E       F      G
               +--------+--------+--------+--------+--------+-----+--------+
         Total |  11769 |  11451 |    318 |   2706 |   6754 |  11 | 1069.9 |
       Dungeon |  11769 |  11451 |    318 |   2706 |   6754 |  11 | 1069.9 |
               +--------+--------+--------+--------+--------+-----+--------+

Top non-repeatable levels by time:
     D:5: 1918 daAuts
     D:9: 1636 daAuts
    D:10: 1230 daAuts
     D:6: 1163 daAuts
     D:1: 1024 daAuts
     D:4: 994 daAuts
     D:8: 987 daAuts
     D:2: 985 daAuts
     D:3: 745 daAuts
    D:11: 718 daAuts
     D:7: 365 daAuts
